 Dungeon Sprint DCSS version 0.31-a0-18-gea43df2a32 (webtiles) character file.

Game seed: 8864305162015289412

1745 sircluck the Grappler (level 8, -7/133 HPs)
             Began as a Troll Berserker on May 9, 2023.
             Was an Elder of Trog.
             Mangled by a deep troll (15 damage)
             ... in the Dungeon (Sprint I: "Red Sonja").
             The game lasted 00:01:46 (353 turns).

sircluck the Grappler (Troll Berserker)              Turns: 353, Time: 00:01:47

Health: -7/133     AC:  6    Str: 28    XL:     8   Next: 77%
Magic:  7/7        EV: 12    Int:  3    God:    Trog [****..]
Gold:   491        SH:  0    Dex:  9    Spells: 7/7 levels left

rFire   . .          .
                       - Unarmed
rCold   . . .        (no shield)
rNeg    . . .        a - +0 animal skin
rPois   .            (helmet restricted)
rElec   .            k - +1 cloak {Stlth+}
rCorr   .            (gloves unavailable)
SInv    .            (boots unavailable)
Will    .....        (no amulet) Stlth
                     (no ring)
HPRegen 1.22/turn    (no ring)
MPRegen 0.10/turn

%: no teleportation
@: berserking, very quick
A: large, unfitting armour, claws 3, regeneration 1, shaggy fur 1, tough skin 1
a: Renounce Religion, Berserk, Trog's Hand, Brothers in Arms


You were in the Dungeon.
You worshipped Trog.
Trog was greatly pleased with you.
You visited 1 branch You collected 722 gold pieces.
You spent 231 gold pieces at shops.

Inventory:

Missiles
 l - 5 curare-tipped darts (quivered)
Armour
 a - a +0 animal skin (worn)
 k - a +1 cloak of stealth (worn)
Wands
 h - a wand of paralysis (18)
Scrolls
 g - a scroll of blinking
 j - a scroll of poison {unknown}
 m - a scroll of amnesia {unknown}
Potions
 b - 4 potions of curing
 c - a potion of heal wounds
 d - a potion of haste
 e - 2 potions of magic
 f - a potion of berserk rage
 i - a potion of ambrosia {unknown}


   Skills:
 + Level 8.7 Fighting
 + Level 8.3 Dodging
 * Level 5.6 Stealth
 + Level 11.7 Unarmed Combat
 + Level 1.1 Evocations


You had 7 spell levels left.
You didn't know any spells.
Your spell library was empty.

Dungeon Overview and Level Annotations

Branches:
Dungeon (1/1)

Altars:
Cheibriados
Dithmenos
Elyvilon
Fedhas
Gozag
Hepliaklqana
Kikubaaqudgha
Makhleb
Nemelex Xobeh
Okawaru
Qazlal
Ru
Sif Muna
Trog
Uskayaw
Vehumet
Wu Jian
Xom
Yredelemnul
Zin
The Shining One
Jiyva
Lugonu

Shops:
D *[


Innate Abilities, Weirdness & Mutations

You are too large for most types of armour.
You have claws for hands.
Your natural rate of healing is unusually fast.
You are covered in fur. (AC +1)
You have tough skin. (AC +1)


Message History

You now have 383 gold pieces (gained 27).
You now have 410 gold pieces (gained 27).
h - a wand of paralysis (18) (gained 11 charges)
b - 4 potions of curing (gained 2)
You now have 437 gold pieces (gained 27).
You now have 464 gold pieces (gained 27).
You now have 491 gold pieces (gained 27).
There is an open door here.
You open the door.
A deep troll comes into view.
Found 108 gold pieces.
The deep troll shouts!
There is an open door here.
The deep troll bites you!!
The deep troll claws you but does no damage.
The deep troll claws you.
You see here 27 gold pieces.
You closely miss the deep troll. The deep troll bites you!
The deep troll claws you!
The deep troll claws you but does no damage.
You scratch the deep troll.
The deep troll is lightly wounded.
The deep troll bites you but does no damage.
The deep troll claws you.
The deep troll claws you but does no damage.
You barely miss the deep troll.
The deep troll is lightly wounded.
A red film seems to cover your vision as you go berserk!
You feel yourself moving faster!
You feel mighty! The deep troll bites you!
* * * LOW HITPOINT WARNING * * *
The deep troll completely misses you. The deep troll claws you!
* * * LOW HITPOINT WARNING * * *
You closely miss the deep troll.
The deep troll is lightly wounded.
The deep troll bites you!
* * * LOW HITPOINT WARNING * * *
The deep troll claws you.
* * * LOW HITPOINT WARNING * * *
The deep troll claws you!
You die...

#..#####'#####'#__####...+
#..####..#...#.#### #####
#..#__####..##.#~~§§c
#..#_____##)#_.+§~~.§
#⌠⌠#_.∩...'..._#§~§§c#
####_..__##_.#'# +##
#_____###'#)#
############.####+###
#∩........'...'@T.$$+
###++++####...#######
###.### #.#'#.# #.....#
#.....# #######


You could see a deep troll.

Vanquished Creatures
  Sonja (D)
  2 kobold demonologists (D)
  A slime creature (D)
  Sigmund (D)
  A yak (D)
  A floating eye (D)
  An ogre (D)
  A jelly (D)
  Ijyb (D)
10 creatures vanquished.

Vanquished Creatures (others)
  2 ballistomycete spores (D)
2 creatures vanquished.

Grand Total: 12 creatures vanquished

Notes
Turn   | Place    | Note
-------+----------+-------------------------------------------
     0 | D        | sircluck the Troll Berserker began the quest for the Orb.
     0 | D        | Reached XP level 1. HP: 22/22 MP: 0/0
     1 | D        | Noticed Ijyb
     9 | D        | Killed Ijyb
    10 | D        | Reached skill level 4 in Unarmed Combat
    10 | D        | Reached XP level 2. HP: 31/31 MP: 1/1
    47 | D        | Noticed an ogre
    51 | D        | Killed an ogre
    52 | D        | Reached skill level 6 in Unarmed Combat
    52 | D        | Reached XP level 3. HP: 41/41 MP: 2/2
    52 | D        | Reached XP level 4. HP: 49/49 MP: 3/3
    62 | D        | Noticed Sigmund
    67 | D        | Killed Sigmund
    67 | D        | Reached ** piety under Trog
    68 | D        | Reached skill level 5 in Dodging
    68 | D        | Reached skill level 7 in Unarmed Combat
    68 | D        | Reached XP level 5. HP: 59/59 MP: 4/4
    83 | D        | Found an ornate altar of the Wu Jian Council.
    83 | D        | Found a shimmering blue altar of Sif Muna.
    85 | D        | Found a radiant altar of Vehumet.
    91 | D        | Reached XP level 6. HP: 54/67 MP: 5/5
   107 | D        | Noticed a centaur warrior
   107 | D        | Noticed a centaur warrior
   140 | D        | Found Gagich's Armour Emporium.
   140 | D        | Found an ancient bone altar of Kikubaaqudgha.
   140 | D        | Found a hazy altar of Hepliaklqana.
   140 | D        | Found a stormy altar of Qazlal.
   140 | D        | Found a hide-covered altar of Uskayaw.
   140 | D        | Found a blossoming altar of Fedhas.
   140 | D        | Found a bloodstained altar of Trog.
   140 | D        | Found an iron altar of Okawaru.
   140 | D        | Found a basalt altar of Yredelemnul.
   140 | D        | Found a glowing golden altar of the Shining One.
   140 | D        | Found a snail-covered altar of Cheibriados.
   140 | D        | Found a sacrificial altar of Ru.
   140 | D        | Found a glowing silver altar of Zin.
   140 | D        | Found a shadowy altar of Dithmenos.
   140 | D        | Found a white marble altar of Elyvilon.
   140 | D        | Noticed a yak
   141 | D        | Found an opulent altar of Gozag.
   143 | D        | Killed a yak
   144 | D        | Reached skill level 8 in Unarmed Combat
   144 | D        | Found a sparkling altar of Nemelex Xobeh.
   148 | D        | Bought a +1 cloak of stealth for 231 gold pieces
   164 | D        | Found a burning altar of Makhleb.
   164 | D        | Found a viscous altar of Jiyva.
   164 | D        | Found a shimmering altar of Xom.
   164 | D        | Found a corrupted altar of Lugonu.
   164 | D        | Noticed a slime creature
   173 | D        | Killed a slime creature
   173 | D        | Reached *** piety under Trog
   174 | D        | Reached skill level 9 in Unarmed Combat
   174 | D        | Reached XP level 7. HP: 69/78 MP: 6/6
   187 | D        | Noticed a kobold demonologist
   188 | D        | Noticed a kobold demonologist
   194 | D        | Killed a kobold demonologist
   195 | D        | Reached skill level 10 in Unarmed Combat
   200 | D        | Killed a kobold demonologist
   200 | D        | Reached **** piety under Trog
   201 | D        | Reached skill level 1 in Evocations
   201 | D        | Reached XP level 8. HP: 88/88 MP: 7/7
   214 | D        | Noticed Sonja
   225 | D        | Killed Sonja
   226 | D        | Reached skill level 5 in Stealth
   226 | D        | Reached skill level 11 in Unarmed Combat
   279 | D        | Found Tilown's General Store.
   346 | D        | Noticed a deep troll
   353 | D        | Mangled by a deep troll

Illustrated notes

Levels and vault maps discovered:
D:        dungeon_sprint_1 [red_sonja_temple_1, red_sonja_temple_small_1]

Skill      XL: |  1  2  3  4  5  6  7  8 |
---------------+-------------------------+-----
Fighting       | 3 4 6 7 8 |  8.7
Dodging        | 3 4 5 6 7 8 |  8.3
Unarmed Combat | 4 6 7 9 10 11 | 11.7
Stealth        | 2 3 4 5 |  5.6
Evocations     | 1 |  1.1

Action                     |  1- 3 |  4- 6 |  7- 9 || total
---------------------------+-------+-------+-------++-------
  Melee: Unarmed           |     8 |    17 |    22 ||    47
         Punch             |       |     2 |       ||     2
 Invoke: Berserk           |     1 |       |     2 ||     3
  Evoke: Wand              |     1 |     1 |       ||     2
   Stab: Paralysed         |     2 |     3 |       ||     5
         Sleeping          |       |     1 |       ||     1
 Armour: Animal skin       |       |     3 |    12 ||    15
  Dodge: Dodged            |       |     5 |    12 ||    17

Table legend: (Time is in decaauts)
 A = Elapsed time spent in this place.
 B = Non-inter-level travel time spent in this place.
 C = Inter-level travel time spent in this place.
 D = Time resting spent in this place.
 E = Time spent auto-exploring this place.
 F = Levels seen in this place.
 G = Mean time per level.
                   A        B        C        D        E       F      G
               +--------+--------+--------+--------+--------+-----+--------+
         Total |    363 |    339 |     24 |     77 |     83 |   1 |  363.0 |
       Dungeon |    363 |    339 |     24 |     77 |     83 |   1 |  363.0 |
               +--------+--------+--------+--------+--------+-----+--------+

Top non-repeatable levels by time:
       D: 363 daAuts
